 Dungeon Crawl Stone Soup version 0.31.0-12-g77e489cdc1 (webtiles) character file.

Game seed: 13046483734861450895

6351 monsoonserge the Grappler (level 10, -7/77 HPs)
             Began as a Gnoll Shapeshifter on Feb 27, 2024.
             Was a Believer of Wu Jian.
             Killed from afar by a rime drake (13 damage)
             ... with an icy flash freeze
             ... on level 9 of the Dungeon.
             The game lasted 00:32:29 (8410 turns).

monsoonserge the Grappler (Gnoll Shapeshifter)      Turns: 8410, Time: 00:32:29

Health: -7/77      AC:  4    Str: 23    XL:     10   Next: 96%
Magic:  0/19       EV: 24    Int: 10    God:    Wu Jian [**....]
Gold:   214        SH:  0    Dex: 12    Spells: 16/21 levels left

rFire   . .          .
                       - Unarmed
rCold   . . .        (shield currently unavailable)
rNeg    . . .        S - melded +1 scale mail {rC+}
rPois   .            (no helmet)
rElec   .            j - +0 cloak
rCorr   .            (no gloves)
SInv    .            w - +2 pair of boots
Will    .....        P - amulet of guardian spirit
Stlth   +            h - +5 ring of evasion
HPRegen 0.32/turn    t - +6 ring of strength
MPRegen 0.16/turn

%: guardian spirit
@: flux-form, on berserk cooldown, glowing
A: glow, contaminating, fangs 1, strong nose, distributed training
a: Begin Untransformation, Renounce Religion, Wall Jump


You were on level 9 of the Dungeon.
You worshipped Wu Jian.
Wu Jian was pleased with you.
You were something dangerously unstable.
You visited 2 branches of the dungeon, and saw 10 of its levels.

You collected 606 gold pieces.
You spent 392 gold pieces at shops.

Inventory:

Missiles
 y - 27 boomerangs (quivered)
 A - 14 poisoned darts
 B - a throwing net
 N - 4 atropa-tipped darts
Armour
 a - a +3 chain mail
 j - a +0 cloak (worn)
 w - a +2 pair of boots (worn)
 C - a +1 ring mail of cold resistance
 F - the +1 robe "Itzor" {Str+4}
   (You found it on level 3 of the Dungeon)

   Str+4:     It affects your strength (+4).
 K - a +1 robe of resistance
 S - a +1 scale mail of cold resistance (melded)
 Z - +0 steam dragon scales
Magical Staves
 k - a staff of alchemy
Jewellery
 h - a +5 ring of evasion (left hand)
 t - a +6 ring of strength (right hand)
 u - a ring of willpower
 x - a ring of protection from cold
 H - the ring "Myvoypew" {*Corrode rF+ Will+ Str+2 Int+4}
   (You found it on level 4 of the Dungeon)

   [ring of protection from fire]

   Str+2:     It affects your strength (+2).
   Int+4:     It affects your intelligence (+4).
   rF+:       It protects you from fire.
   Will+:     It increases your willpower.
   *Corrode:  It may corrode you when you take damage.
 I - a +6 ring of strength
 O - an amulet of reflection
 P - an amulet of guardian spirit (around neck)
 R - a ring of willpower
 T - a ring of poison resistance
 V - a +6 ring of intelligence
Talismans
 c - a beast talisman
 d - a flux talisman (active)
 J - a maw talisman
 L - a serpent talisman
Wands
 W - a wand of polymorph (10)
Scrolls
 e - 3 scrolls of revelation {unknown}
 g - a scroll of silence {unknown}
 l - a scroll of fog {unknown}
 m - a scroll of blinking {unknown}
 n - 6 scrolls of teleportation {unknown}
 p - 5 scrolls of fear {unknown}
 s - 8 scrolls of identify {unknown}
 v - 6 scrolls of vulnerability {unknown}
 E - a scroll of immolation {unknown}
 G - a scroll of poison {unknown}
 Q - a scroll of enchant armour {unknown}
 X - a scroll of amnesia {unknown}
 Y - a scroll of enchant weapon {unknown}
Potions
 b - 3 potions of lignification
 f - a potion of resistance {unknown}
 i - 5 potions of curing
 o - 4 potions of might
 q - 4 potions of degeneration {unknown}
 r - a potion of mutation {unknown}
 z - 3 potions of heal wounds
 D - 2 potions of berserk rage
 M - 2 potions of enlightenment {unknown}
Miscellaneous
 U - a phial of floods


   Skills:
 + Level 6.6 Fighting
 + Level 6.0 Short Blades
 + Level 6.0 Long Blades
 + Level 6.0 Axes
 + Level 6.0 Maces & Flails
 + Level 6.0 Polearms
 + Level 6.0 Staves
 + Level 6.0 Ranged Weapons
 + Level 6.0 Throwing
 + Level 6.0 Armour
 + Level 7.6 Dodging
 + Level 6.0 Stealth
 + Level 6.0 Shields
 + Level 9.0 Unarmed Combat
 + Level 6.0 Spellcasting
 + Level 4.9 Conjurations
 + Level 4.9 Hexes
 + Level 4.9 Summonings
 + Level 4.9 Necromancy
 + Level 4.9 Translocations
 + Level 4.9 Fire Magic
 + Level 4.9 Ice Magic
 + Level 4.9 Air Magic
 + Level 4.9 Earth Magic
 + Level 4.9 Alchemy
 + Level 6.5 Invocations
 + Level 6.0 Evocations
 + Level 8.6 Shapeshifting


You had 16 spell levels left.
You knew the following spells:

 Your Spells              Type           Power      Damage    Failure   Level
a - Blink                 Tloc           24%        N/A       4%          2
b - Fugue of the Fallen   Necr           12%        N/A       9%          3

Your spell library contained the following spells:

 Spells                   Type           Power      Damage    Failure   Level
 Apportation              Tloc           24%        N/A       2%          1
 Kiss of Death            Conj/Necr      48%        2d9       2%          1
 Magic Dart               Conj           48%        1d5       2%          1
 Necrotise                Necr           48%        1d6       2%          1
 Slow                     Hex            48%        N/A       2%          1
 Sting                    Conj/Alch      48%        1d6       2%          1
 Summon Small Mammal      Summ           48%        N/A       2%          1
 Call Imp                 Summ           24%        N/A       4%          2
 Ensorcelled Hibernation  Hex/Ice        24%        N/A       4%          2
 Scorch                   Fire           24%        2d6       4%          2
 Confusing Touch          Hex            12%        N/A       9%          3
 Inner Flame              Hex/Fire       12%        N/A       9%          3
 Sigil of Binding         Hex            12%        N/A       9%          3
 Vampiric Draining        Necr           12%        2d6       9%          3
 Anguish                  Hex/Necr       6%         N/A       26%         4
 Dispel Undead            Necr           12%        3d9       26%         4
 Flame Wave               Conj/Fire      12%        2d6       26%         4
 Irradiate                Conj/Alch      6%         3d13      58%         5
 Summon Cactus Giant      Summ           6%         N/A       99%         6
 Malign Gateway           Summ/Tloc      6%         N/A       100%        7
 Ignition                 Fire           6%         3d4       100%        8
 Summon Horrible Things   Summ           6%         N/A       100%        8


Dungeon Overview and Level Annotations

Branches:
Dungeon (9/15)             Temple (1/1) D:5
   Lair: D:8-11         Orc: D:9-12

Altars:
Ashenzari
Cheibriados
Dithmenos
Elyvilon
Fedhas
Gozag
Hepliaklqana
Kikubaaqudgha
Makhleb
Nemelex Xobeh
Okawaru
Qazlal
Ru
Sif Muna
Trog
Uskayaw
Vehumet
Wu Jian
Xom
Yredelemnul
Zin
The Shining One

Shops:
D:1 [!*!(   D:9 =

Annotations:
D:8 Psyche
D:9 Grum
Temple 2 transporters


Innate Abilities, Weirdness & Mutations

You are something dangerously unstable.
You glow with magical radiation, making you easy to see and hit.
Foes you strike become dangerously contaminated with magical radiation.
You are incapable of wielding weapons or throwing items.
You have very sharp teeth.
Your uncanny sense of smell can sniff out nearby items.
Your experience applies equally to all skills.


Message History

Your Unarmed Combat skill increases to level 9!
Your Spellcasting skill increases to level 6!
Your Evocations skill increases to level 6!
You spin and attack the orc wizard.
You hit the orc wizard.
The orc wizard begins to glow.
The orc wizard is moderately wounded.
The orc wizard completely misses you.
Unknown command.
You spin and attack the ice beast.
You completely miss the ice beast. The ice beast hits you.
The ice beast freezes you!
* * * LOW HITPOINT WARNING * * *
Unknown command.
You spin and attack the ice beast.
You hit the ice beast.
The ice beast begins to glow.
The ice beast is lightly wounded.
You spin and attack the orc wizard.
You barely miss the orc wizard.
The orc wizard is moderately wounded.
The orc wizard gestures at you while chanting.
The magic dart hits you.
* * * LOW HITPOINT WARNING * * *
The ice beast closely misses you.
You spin and attack the ice beast.
You hit the ice beast.
The ice beast glows dangerously bright.
The ice beast is moderately wounded.
You spin and attack the orc wizard.
You barely miss the orc wizard.
The orc wizard is moderately wounded.
The orc wizard points at you and mumbles some strange words.
The magic dart hits you!
* * * LOW HITPOINT WARNING * * *
The ice beast barely misses you.
You spin and attack the ice beast.
You hit the ice beast but do no damage.
The ice beast shudders as magic cascades through it!!
You kill the ice beast!
The Council accepts your kill.
You spin and attack the orc wizard.
You hit the orc wizard.
The orc wizard glows dangerously bright.
The orc wizard is heavily wounded.
The rime drake breathes ice at you. The icy flash freeze hits you!
You die...

##...###).##..#
#...###).##..##
.......)#.)))....#
........'........#
........#......†.#
##.....##....k.)†#
#+######...##)o.#
#...##..o#
#...#...p##
#...#.....+
#...##...## #.
#...# #...#
.#######.))##
..........).+
......#######
.##..


You could see a rime drake (catching breath) and 2 orc wizards.

Vanquished Creatures
  An ugly thing (D:7)
  A polar bear (D:9)
  A hornet (D:9)
  Sigmund (D:5)
  A wyvern (D:5)
  A yak (D:7)
  A steam dragon (D:8)
  A basilisk (D:7)
  Menkaure (D:4)
  Edmund (D:5)
  An acid dragon (D:8)
  2 water moccasins
  Duvessa (D:5)
  3 orc warriors
  5 ice beasts
  5 black bears
  2 ogres (D:5)
  A sky beast (D:7)
  A wolf (D:9)
  2 centaurs (D:9)
  A phantom (D:7)
  2 kobold brigands
  2 bullfrogs (D:7)
  A gnoll sergeant (D:9)
  3 scorpions (D:5)
  Dowan (D:5)
  5 wights
  4 killer bees
  8 howler monkeys
  4 hounds
  3 bombardier beetles
  2 jellies
  A gnoll bouda (D:8)
  3 orc priests
  6 iguanas
  A sleepcap (D:6)
  9 orc wizards
  21 gnolls
  9 adders
  A white imp (D:7)
  6 ufetubi
  3 ribbon worms
  5 dart slugs
  38 orcs
  5 ball pythons
  4 bats
  6 endoplasms
  10 goblins
  5 hobgoblins
  3 jackals (D:2)
  4 kobolds
  5 quokkas
  A frilled lizard (D:3)
  2 rats (D:2)
217 creatures vanquished.

Notes
Turn   | Place    | Note
-------+----------+-------------------------------------------
     0 | D:1      | monsoonserge the Gnoll Shapeshifter began the quest for the
                  | Orb.
     0 | D:1      | Reached XP level 1. HP: 17/17 MP: 1/1
    47 | D:1      | Found Lyoschie's Weapon Emporium.
   164 | D:1      | Found Utofat's Distillery.
   179 | D:1      | Found Veocad's Assorted Antiques.
   189 | D:1      | Reached XP level 2. HP: 22/23 MP: 2/2
   206 | D:1      | Found Riomann's Distillery.
   232 | D:1      | Bought an emerald potion for 20 gold pieces
   255 | D:1      | Found Natrucaek's Antique Armour Shoppe.
   619 | D:1      | Bought a green potion for 20 gold pieces
   635 | D:2      | Found a faded altar of an unknown god.
   659 | D:2      | Reached XP level 3. HP: 26/28 MP: 3/3
   804 | D:1      | Bought a viscous white potion for 20 gold pieces
   948 | D:2      | Reached skill level 1 in Invocations
  1197 | D:3      | Reached skill level 1 in Short Blades
  1197 | D:3      | Reached skill level 1 in Long Blades
  1197 | D:3      | Reached skill level 1 in Axes
  1197 | D:3      | Reached skill level 1 in Maces & Flails
  1197 | D:3      | Reached skill level 1 in Polearms
  1197 | D:3      | Reached skill level 1 in Staves
  1197 | D:3      | Reached skill level 1 in Ranged Weapons
  1197 | D:3      | Reached skill level 1 in Throwing
  1197 | D:3      | Reached skill level 1 in Armour
  1197 | D:3      | Reached skill level 1 in Stealth
  1197 | D:3      | Reached skill level 1 in Shields
  1197 | D:3      | Reached skill level 1 in Spellcasting
  1197 | D:3      | Reached skill level 1 in Evocations
  1205 | D:3      | Reached XP level 4. HP: 32/34 MP: 5/5
  1427 | D:3      | Reached skill level 1 in Conjurations
  1427 | D:3      | Reached skill level 1 in Hexes
  1427 | D:3      | Reached skill level 1 in Summonings
  1427 | D:3      | Reached skill level 1 in Necromancy
  1427 | D:3      | Reached skill level 1 in Translocations
  1427 | D:3      | Reached skill level 1 in Fire Magic
  1427 | D:3      | Reached skill level 1 in Ice Magic
  1427 | D:3      | Reached skill level 1 in Air Magic
  1427 | D:3      | Reached skill level 1 in Earth Magic
  1427 | D:3      | Reached skill level 1 in Alchemy
  1708 | D:3      | Found a stormy altar of Qazlal.
  1711 | D:3      | Noticed an air elemental
  1712 | D:3      | Noticed a water elemental
  1712 | D:3      | Noticed an earth elemental
  1712 | D:3      | Noticed a fire elemental
  1910 | D:3      | Reached XP level 5. HP: 38/40 MP: 7/7
  2239 | D:3      | Identified the +1 robe "Itzor" {Str+4}
  2464 | D:1      | Bought a scroll labelled JOICRO WEOB for 23 gold pieces
  2464 | D:1      | Bought a scroll labelled LUZ WAMMUKEF for 23 gold pieces
  2672 | D:1      | Bought a scroll labelled LUZ WAMMUKEF for 23 gold pieces
  2672 | D:1      | Bought a scroll labelled VAONOXK IHIZU for 23 gold pieces
  2840 | D:4      | Identified the ring "Myvoypew" {*Corrode rF+ Will+ Str+2
                  | Int+4}
  2909 | D:4      | Noticed Menkaure
  2913 | D:4      | Killed Menkaure
  2914 | D:4      | Reached skill level 5 in Dodging
  2914 | D:4      | Reached XP level 6. HP: 35/47 MP: 7/9
  2917 | D:4      | Learned a level 2 spell: Blink
  3194 | D:1      | Bought a potion of heal wounds for 50 gold pieces
  3260 | D:4      | Found a white marble altar of Elyvilon.
  3576 | D:5      | Entered Level 5 of the Dungeon
  3583 | D:5      | Noticed Sigmund
  3583 | D:5      | Noticed a black bear
  3589 | D:5      | Killed Sigmund
  3590 | D:5      | Reached skill level 7 in Unarmed Combat
  3590 | D:5      | Reached XP level 7. HP: 38/53 MP: 10/10
  3760 | D:5      | Noticed Edmund
  3769 | D:5      | Killed Edmund
  3775 | D:5      | Found a staircase to the Ecumenical Temple.
  3784 | Temple   | Found a transporter.
  3784 | Temple   | Found a transporter.
  3784 | Temple   | Found a transporter.
  3784 | Temple   | Found a transporter.
  3784 | Temple   | Entered the Ecumenical Temple
  3900 | D:5      | Found a glowing silver altar of Zin.
  3908 | D:5      | Reached XP level 8. HP: 56/60 MP: 12/12
  4072 | D:5      | Learned a level 3 spell: Fugue of the Fallen
  4455 | D:5      | Noticed Dowan
  4456 | D:5      | Noticed Duvessa
  4474 | D:5      | Killed Duvessa
  4488 | D:5      | Killed Dowan
  4856 | D:6      | Found a blossoming altar of Fedhas.
  4935 | D:6      | Reached XP level 9. HP: 67/67 MP: 14/14
  5176 | D:6      | Reached skill level 5 in Fighting
  5438 | D:6      | Found an ornate altar of the Wu Jian Council.
  5444 | D:6      | Became a worshipper of the Wu Jian Council
  5649 | D:5      | Reached skill level 8 in Unarmed Combat
  5825 | D:5      | Reached skill level 5 in Invocations
  6042 | D:1      | Bought a potion of might for 40 gold pieces
  6042 | D:1      | Bought a potion of curing for 30 gold pieces
  6067 | D:1      | Bought 2 potions of berserk rage for 120 gold pieces
  6632 | D:7      | Reached * piety under Wu Jian
  6656 | D:7      | Noticed a cyan ugly thing
  6667 | D:7      | Killed a purple ugly thing
  6668 | D:7      | Reached skill level 5 in Short Blades
  6668 | D:7      | Reached skill level 5 in Long Blades
  6668 | D:7      | Reached skill level 5 in Axes
  6668 | D:7      | Reached skill level 5 in Maces & Flails
  6668 | D:7      | Reached skill level 5 in Polearms
  6668 | D:7      | Reached skill level 5 in Staves
  6668 | D:7      | Reached skill level 5 in Ranged Weapons
  6668 | D:7      | Reached skill level 5 in Throwing
  6668 | D:7      | Reached skill level 5 in Armour
  6668 | D:7      | Reached skill level 5 in Stealth
  6668 | D:7      | Reached skill level 5 in Shields
  6668 | D:7      | Reached skill level 5 in Spellcasting
  6668 | D:7      | Reached skill level 5 in Evocations
  6668 | D:7      | Reached XP level 10. HP: 45/76 MP: 17/17
  7300 | D:8      | Noticed Psyche
  8158 | D:9      | Found Siaroe Divu's Jewellery Boutique.
  8186 | D:9      | Paralysed by a hornet for 3 turns
  8278 | D:9      | Reached ** piety under Wu Jian
  8325 | D:9      | Noticed Grum
  8357 | D:9      | HP: 3/115 [orc/+0 falchion (5)]
  8365 | D:9      | HP: 3/115 [orc/+0 trident (1)]
  8406 | D:9      | Reached skill level 9 in Unarmed Combat
  8410 | D:9      | Killed from afar by a rime drake

Illustrated notes

Levels and vault maps discovered:
D:1:      minmay_arrival_shoal_huts, layout_basic, serial_shops, shop,
          nicolae_shop_tiny_real_fake_doors, nicolae_shop_behind_doors, shop,
          nicolae_shop_statue_plus
D:2:      layout_rooms, ebering_ecumenical_altar_sacrificial
D:3:      layout_basic, nicolae_qazlal_style_of_elements
D:4:      layout_loops_ring, mainiacjoe_overflow_boulevard, uniq_menkaure
D:5:      kennysheep_windowed_halls, layout_basic, mainiacjoe_overflow_paths,
          temple_hall, uniq_sigmund, uniq_edmund, uniq_duvessa
D:6:      layout_basic, fedhas_altar_1, nzn_wu_jian_council_hall,
          supply_closet_lemuel
D:7:      minmay_slanted_spiral_squares, layout_basic, nicolae_zig_zag_zippers
D:8:      minmay_skewed_foursquare, layout_loops_ring, uniq_psyche
D:9:      layout_gridville, hellmonk_lair_entry_icy, erik_orc_1, enter_bailey_4,
          serial_shops, nicolae_stop_n_shop_1, uniq_grum
Temple:   hellmonk_temple_divided_pantheon

Skill      XL: |  1  2  3  4  5  6  7  8  9 10 |
---------------+-------------------------------+-----
Invocations    | 1 2 3 4 5 6 |  6.5
Short Blades   | 1 2 3 5 6 |  6.0
Long Blades    | 1 2 3 5 6 |  6.0
Axes           | 1 2 3 5 6 |  6.0
Maces & Flails | 1 2 3 5 6 |  6.0
Polearms       | 1 2 3 5 6 |  6.0
Staves         | 1 2 3 5 6 |  6.0
Ranged Weapons | 1 2 3 5 6 |  6.0
Throwing       | 1 2 3 5 6 |  6.0
Armour         | 1 2 3 5 6 |  6.0
Stealth        | 1 2 3 5 6 |  6.0
Shields        | 1 2 3 5 6 |  6.0
Spellcasting   | 1 2 3 5 6 |  6.0
Evocations     | 1 2 3 5 6 |  6.0
Conjurations   | 1 2 3 4 |  4.9
Hexes          | 1 2 3 4 |  4.9
Summonings     | 1 2 3 4 |  4.9
Necromancy     | 1 2 3 4 |  4.9
Translocations | 1 2 3 4 |  4.9
Fire Magic     | 1 2 3 4 |  4.9
Ice Magic      | 1 2 3 4 |  4.9
Air Magic      | 1 2 3 4 |  4.9
Earth Magic    | 1 2 3 4 |  4.9
Alchemy        | 1 2 3 4 |  4.9
Fighting       | 3 4 5 6 |  6.6
Dodging        | 5 6 7 |  7.6
Unarmed Combat | 7 8 9 |  9.0
Shapeshifting  | 7 8 |  8.6

Action                     |  1- 3 |  4- 6 |  7- 9 | 10-12 || total
---------------------------+-------+-------+-------+-------++-------
  Melee: Unarmed           |    89 |   150 |   374 |   248 ||   861
         Punch             |     2 |       |       |       ||     2
         Bite              |     7 |    17 |    53 |    30 ||   107
Ability: Whirlwind         |       |       |     7 |    76 ||    83
         Lunge             |       |       |     4 |    15 ||    19
  Evoke: Wand              |       |       |       |     1 ||     1
    Use: Potion            |       |       |       |     3 ||     3
   Stab: Sleeping          |     1 |       |       |     1 ||     2
         Distracted        |       |       |     1 |       ||     1
 Armour: Animal skin       |     6 |       |       |       ||     6
         Leather armour    |     7 |       |       |       ||     7
         Skin              |     5 |    30 |   112 |    89 ||   236
  Dodge: Dodged            |    71 |    84 |   373 |   241 ||   769
  Block: Other             |       |       |    11 |     2 ||    13
   Form: Flux              |     1 |       |       |     1 ||     2
                           |       |       |       |     1 ||     1
